 Dungeon Crawl Stone Soup version 0.22.1-1-ga44c0e5 (webtiles) character file.

25621 Monsterracer the Destroyer (level 13, -6/84 HPs)
             Began as an Octopode Fire Elementalist on Oct 7, 2018.
             Was a Priest of Vehumet.
             Mangled by Snorg (14 damage)
             ... on level 3 of the Lair of Beasts on Oct 8, 2018.
             The game lasted 00:47:42 (23177 turns).

Monsterracer the Destroyer (OpFE)                  Turns: 23177, Time: 00:47:42

Health: -6/84      AC:  1    Str:  8    XL:     13   Next: 20%
Magic:  3/24       EV: 17    Int: 21    God:    Vehumet [***...]
Gold:   952        SH: 17    Dex: 17    Spells: 8/27 levels left

rFire    . . .     SeeInvis +   a - +2 scimitar (elec)
rCold    . . .     Gourm    .   o - +5 shield {reflect}
rNeg     . . .     Faith    .   (helmet restricted)
rPois    .         Spirit   .   E - +3 amulet of reflection
rElec    .         Reflect  +   j - ring of see invisible
rCorr    .         Harm     .   C - +4 ring of dexterity
MR       .....                  (no ring)
Stlth    +++.......             (no ring)
HPRegen  0.24/turn              (no ring)
MPRegen  0.19/turn              (no ring)
                                (no ring)
                                (no ring)

@: no status effects
A: almost no armour, stealthy swim, amphibious, 8 rings, constrict 8, camouflage
1, gelatinous body 1
a: Renounce Religion


You were on level 3 of the Lair of Beasts.
You worshipped Vehumet.
Vehumet was most pleased with you.
You were not hungry.

You visited 3 branches of the dungeon, and saw 15 of its levels.
You also visited: Sewer and Ossuary.

You collected 1249 gold pieces.
You spent 297 gold pieces at shops.

Inventory:

Hand Weapons
 a - a +2 scimitar of electrocution (weapon)
 b - the +4 flail of Quick Death {freeze, rElec MR+}
   (You found it on level 8 of the Dungeon)

   It has been specially enchanted to freeze those struck by it, causing extra
   injury to most foes and up to half again as much damage against particularly
   susceptible opponents.
   It can also slow down cold-blooded creatures.
   It insulates you from electricity.
   It affects your resistance to hostile enchantments.
Missiles
 q - 3 throwing nets (quivered)
Armour
 o - a +5 shield of reflection (worn)
Jewellery
 j - a ring of see invisible (left tentacle)
 w - an uncursed ring of ice
 C - a +4 ring of dexterity (right tentacle)
 E - a +3 amulet of reflection (around mantle)
Wands
 m - a wand of scattershot (4)
 x - a wand of polymorph (8)
 B - a wand of clouds (7)
 D - a wand of disintegration (14)
 F - a wand of acid (8)
Scrolls
 d - 2 scrolls of enchant armour
 i - 6 scrolls of identify
 l - 3 scrolls of teleportation {!r}
 p - 3 scrolls of fear {!r}
 r - 7 scrolls of amnesia
 s - 8 scrolls of blinking
 u - 3 scrolls of fog
 y - a scroll of magic mapping {!r}
 G - a scroll of remove curse
Potions
 e - 6 potions of invisibility
 f - 3 potions of haste
 g - 5 potions of curing
 h - 2 potions of flight
 k - a potion of resistance
 n - 3 potions of brilliance
 t - 5 potions of lignification
 v - 3 potions of heal wounds
 z - 2 potions of magic
 A - 2 potions of mutation {!q}
Miscellaneous
 H - a fan of gales
Comestibles
 c - 22 rations


   Skills:
 + Level 6.3 Fighting
 + Level 8.4 Dodging
 - Level 2.6 Stealth
 + Level 6.4 Shields
 + Level 7.7 Spellcasting
 * Level 11.5 Conjurations
 - Level 3.0 Translocations
 + Level 11.2 Fire Magic
 + Level 4.0 Evocations


You had 8 spell levels left.
You knew the following spells:

 Your Spells              Type           Power        Failure   Level  Hunger
a - Flame Tongue          Conj/Fire      #####        1%          1    None
b - Conjure Flame         Conj/Fire      ######..     1%          3    None
c - Sticky Flame          Conj/Fire      ######..     1%          4    ###....
d - Fireball              Conj/Fire      ######....   1%          5    #####..
e - Blink                 Tloc           N/A          11%         2    None
f - Magic Dart            Conj           ####         1%          1    None
g - Mephitic Cloud        Conj/Pois/Air  ###.....     4%          3    None

Your spell library contained the following spells:

 Spells                   Type           Power        Failure   Level  Hunger
 Ignite Poison            Fire/Tmut/Pois ###.....     4%          3    None
 Throw Flame              Conj/Fire      ######       1%          2    None
 Inner Flame              Hex/Fire       ####....     2%          3    None
 Apportation              Tloc           ###...       7%          1    None
 Animate Skeleton         Necr           N/A          24%         1    None
 Beastly Appendage        Tmut           #.....       24%         1    None
 Confusing Touch          Hex            #.....       24%         1    None
 Pain                     Necr           #...         24%         1    None
 Summon Small Mammal      Summ           #...         24%         1    None
 Call Imp                 Summ           #.......     36%         2    None
 Slow                     Hex            #.......     36%         2    None
 Sticks to Snakes         Tmut           #.......     36%         2    None
 Regeneration             Chrm/Necr      #.........   58%         3    None
 Spider Form              Tmut/Pois      #.........   58%         3    None
 Vampiric Draining        Necr           #.........   58%         3    None
 Animate Dead             Necr           N/A          94%         4    ###....
 Ice Form                 Ice/Tmut       #.......     94%         4    ###....
 Blade Hands              Tmut           #.........   100%        5    #####..


Dungeon Overview and Level Annotations

Branches:
Dungeon (10/15)            Temple (1/1) D:4            Lair (4/6) D:10
  Swamp: Lair:2-4    Shoals: Lair:2-4     Snake: Lair:2-4    Spider: Lair:2-4
    Orc: D:9-12

Altars:
Ashenzari
Cheibriados
Dithmenos
Elyvilon
Fedhas
Gozag
Hepliaklqana
Kikubaaqudgha
Makhleb
Nemelex Xobeh
Okawaru
Qazlal
Ru
Sif Muna
Trog
Uskayaw
Vehumet
Wu Jian
Xom
Yredelemnul
Zin
The Shining One

Shops:
D:9 !

Annotations:
D:10 exclusion: hell knight
Lair:3 exclusion: hell hound, Snorg


Innate Abilities, Weirdness & Mutations

You cannot wear most types of armour.
You are very stealthy in the water. (Stealth+)
You are amphibious.
You can wear up to eight rings at the same time.
You can use your tentacles to constrict eight enemies at once.
Your skin changes colour to match your surroundings (Stealth+).
Your rubbery body absorbs attacks. (AC +1, EV +1)


Message History

You shout for attention!
You hear a bark!
What are your orders? t - Shout!
Orders for allies: a - Attack new target. r - Retreat! s - Stop attacking. g - Guard the area. f - Follow me.
Anything else - Cancel.
You shout for attention!
What are your orders? t - Shout!
Orders for allies: a - Attack new target. r - Retreat! s - Stop attacking. g - Guard the area. f - Follow me.
Anything else - Cancel.
You shout for attention!
What are your orders? t - Shout!
Orders for allies: a - Attack new target. r - Retreat! s - Stop attacking. g - Guard the area. f - Follow me.
Anything else - Cancel.
You shout for attention!
You hear a bark!
What are your orders? t - Shout!
Orders for allies: a - Attack new target. r - Retreat! s - Stop attacking. g - Guard the area. f - Follow me.
Anything else - Cancel.
You shout for attention!
What are your orders? t - Shout!
Orders for allies: a - Attack new target. r - Retreat! s - Stop attacking. g - Guard the area. f - Follow me.
Anything else - Cancel.
You shout for attention!
Casting: Fireball (safe; 1% risk of failure)
Confirm with . or Enter, or press ? or * to list all spells.
Aiming: Fireball (safe; 1% risk of failure)
Press: ? - help, Shift-Dir - straight line, f - Snorg
Aim: Snorg (hasn't noticed you)
The fireball explodes!
The fireball engulfs Snorg.
Snorg is lightly wounded.
Snorg shouts!
You hear a bark!
Snorg goes berserk!
You now have 19/24 mp.
Casting: Fireball (safe; 1% risk of failure)
Confirm with . or Enter, or press ? or * to list all spells.
Aiming: Conjure Flame (safe; 1% risk of failure)
Press: ? - help, Dir - move target cursor, p - Snorg The fire ignites!
Snorg rages.
Snorg is engulfed in blazing flames.
You block Snorg's attack. x2
Snorg misses you.
You hear a bark!
You now have 16/24 mp.
Casting: Conjure Flame (safe; 1% risk of failure)
Confirm with . or Enter, or press ? or * to list all spells.
Aiming: Sticky Flame (safe; 1% risk of failure)
Press: ? - help, Shift-Dir - straight line, f - Snorg
Aim: Snorg (flame, moderately wounded, berserk, fast, unusually strong)
The sticky flame hits Snorg.
Snorg is moderately wounded.
Snorg is covered in liquid flames!
Snorg burns!
Snorg is engulfed in blazing flames.
You block Snorg's attack. x2
Snorg misses you.
You now have 12/24 mp.
Casting: Sticky Flame (safe; 1% risk of failure)
Confirm with . or Enter, or press ? or * to list all spells.
Aiming: Fireball (safe; 1% risk of failure)
Press: ? - help, Shift-Dir - straight line, p - Snorg The fireball explodes!
The fireball engulfs Snorg.
Snorg is heavily wounded.
You hear a bark!
Snorg burns!
Snorg is engulfed in blazing flames.
You block Snorg's attack. Snorg misses you. Snorg claws you!
Snorg is engulfed in blazing flames.
Snorg bites you!! Snorg closely misses you. You block Snorg's attack.
You take 40 damage, and have 44/84 hp.
MASSIVE DAMAGE!!
You now have 7/24 mp.
Casting: Fireball (safe; 1% risk of failure)
Confirm with . or Enter, or press ? or * to list all spells.
Aiming: Fireball (safe; 1% risk of failure)
Press: ? - help, Shift-Dir - straight line The fireball explodes!
The fireball engulfs Snorg.
Snorg is severely wounded.
You hear a bark!
Snorg burns!
Snorg is engulfed in blazing flames.
You block Snorg's attack. x2
Snorg claws you!
* * * LOW HITPOINT WARNING * * *
You take 9 damage, and have 35/84 hp.
You now have 3/24 mp.
You hit Snorg. Your squeeze misses Snorg.
Snorg is severely wounded.
Snorg burns! x2; Snorg is engulfed in blazing flames.
Snorg closely misses you.
You riposte.
You hit Snorg.
Snorg is almost dead.
Snorg claws you.
* * * LOW HITPOINT WARNING * * *
Snorg claws you!!
* * * LOW HITPOINT WARNING * * *
Snorg is engulfed in blazing flames.
You block Snorg's attack. Snorg claws you!
You die...

#.........#...# ##...
#.........#.#.h.# ##+#
##..#..#####.#.h..###.#
#P.#..##P.##.###.###..#
#..#...........#####..#
##.##...........###...#
#.#.###..###....##....
##.#.###.##......##....
#.....@T..........#'...
#......................
##..............(......
#................♣♣..≈
##.............>..♣♣♣♣≈
#..............♣♣♣♣♣♣♣≈
#..............♣♣♣.♣.♣≈
##.###.###..##♣.♣PP♣♣.≈
#..#####..## ♣♣.P♣♣..≈


You could see Snorg (berserk).

Vanquished Creatures
  Fannar (Lair:2)
  3 hydras
  4 two-headed ogres
  16 elephants
  2 spiny frogs
  2 komodo dragons
  2 rime drakes
  A tengu conjurer (D:10)
  Grinder (D:5)
  A troll (D:6)
  A queen bee (Lair:1)
  5 blink frogs (Lair:2)
  7 hippogriffs
  11 yaks
  2 wyverns
  A basilisk (Lair:4)
  A wraith (D:10)
  4 swamp worms (Lair:1)
  5 water moccasins
  Duvessa (D:5)
  7 porcupines
  2 sky beasts
  An eye of draining (D:10)
  5 orc warriors
  2 ice beasts
  A black bear (D:7)
  2 necrophages
  5 ogres
  A centaur (D:10)
  9 crocodiles
  2 bullfrogs
  An elf zombie (Ossuary)
  A gnoll sergeant (D:3)
  Dowan (D:5)
  4 scorpions
  3 wights (D:7)
  24 killer bees
  4 howler monkeys
  An electric eel (Lair:3)
  A centaur zombie (D:9)
  4 crimson imps
  5 hounds
  A quasit (D:8)
  A bullfrog zombie (D:10)
  8 orc priests
  A jelly (D:10)
  7 orc wizards
  2 bullfrog skeletons
  3 gnoll shamans (D:3)
  3 iguanas
  5 worker ants
  Natasha (thrice) (D:2)
  A big kobold zombie (Ossuary)
  3 hound zombies
  2 hound skeletons
  4 mummies (Ossuary)
  33 gnolls
  2 worker ant zombies
  A howler monkey skeleton (D:10)
  A river rat (D:5)
  8 adders
  2 shadow imps
  An ooze (D:4)
  An adder skeleton (D:6)
  2 adder zombies (Ossuary)
  4 worms
  3 leopard geckos
  25 orcs
  A ball python (D:2)
  6 bats
  10 giant cockroaches
  A gnoll zombie (Ossuary)
  8 goblins
  2 hobgoblins
  27 jackals
  10 kobolds
  5 quokkas
  6 frilled lizards
  2 goblin zombies (Ossuary)
  A hobgoblin zombie (Ossuary)
  A jackal skeleton (D:4)
  3 jackal zombies
  An orc zombie (Ossuary)
  A quokka zombie (D:7)
  18 rats
  A rat zombie (Ossuary)
  2 fungi
390 creatures vanquished.

Vanquished Creatures (others)
  2 fungi (Lair:3)
  6 plants
8 creatures vanquished.

Grand Total: 398 creatures vanquished

Notes
Turn   | Place    | Note
-------+----------+-------------------------------------------
     0 | D:1      | Monsterracer the Octopode Fire Elementalist began the quest
                  | for the Orb.
     0 | D:1      | Reached XP level 1. HP: 11/11 MP: 3/3
   189 | D:1      | Reached XP level 2. HP: 13/17 MP: 0/5
   200 | D:1      | HP: 7/17 [hobgoblin (3)]
  1120 | D:2      | Reached XP level 3. HP: 21/21 MP: 0/6
  1127 | D:1      | Learned a level 3 spell: Conjure Flame
  1193 | D:2      | Noticed Natasha
  1203 | D:2      | Killed Natasha
  1353 | D:2      | Noticed Natasha
  1418 | D:2      | Reached XP level 4. HP: 27/27 MP: 3/7
  1475 | D:2      | Killed Natasha
  1488 | D:2      | Noticed Natasha
  1494 | D:2      | Killed Natasha
  1569 | D:2      | Reached XP level 5. HP: 31/31 MP: 5/8
  2497 | D:3      | Learned a level 4 spell: Sticky Flame
  3257 | D:3      | Reached XP level 6. HP: 28/36 MP: 3/10
  3283 | D:3      | HP: 14/36 [gnoll (5)]
  3339 | D:3      | HP: 12/36 [gnoll/flail of protection (4)]
  3351 | D:3      | HP: 2/36 [gnoll/flail of protection (11)]
  3976 | D:3      | Reached skill level 5 in Fire Magic
  3980 | D:3      | Reached XP level 7. HP: 23/41 MP: 3/11
  4315 | D:3      | HP: 14/41 [gnoll/spear (8)]
  6147 | D:4      | Found a staircase to the Ecumenical Temple.
  6159 | Temple   | Entered the Ecumenical Temple
  6731 | D:4      | Reached skill level 5 in Conjurations
  6771 | D:4      | Reached XP level 8. HP: 46/46 MP: 10/13
  6789 | D:4      | Learned a level 5 spell: Fireball
  7130 | D:4      | HP: 10/46 [ogre/giant club (36)]
  7387 | D:4      | Found a glowing silver altar of Zin.
  7477 | D:5      | Entered Level 5 of the Dungeon
  7502 | D:5      | Noticed Grinder
  7636 | D:5      | Killed Grinder
  7663 | D:5      | Learned a level 2 spell: Blink
  8049 | D:5      | HP: 21/46 [cloud of steam (10)]
  8090 | D:5      | Found a glowing drain.
  8104 | Sewer    | Entered a sewer
  8300 | Sewer    | HP: 22/46 [crocodile (24)]
  8635 | D:5      | Reached skill level 1 in Translocations
  8783 | D:5      | Noticed Dowan
  8787 | D:5      | Noticed Duvessa
  8816 | D:5      | HP: 19/46 [Duvessa/short sword (6)]
  9046 | D:5      | HP: 22/46 [Dowan/puff of frost (8)]
  9052 | D:5      | Killed Duvessa
  9052 | D:5      | Reached XP level 9. HP: 26/51 MP: 7/15
  9056 | D:5      | Killed Dowan
  9793 | D:6      | Noticed a troll
  9802 | D:6      | Killed a troll
  9802 | D:6      | Reached skill level 5 in Dodging
  9977 | D:6      | Found a sand-covered staircase.
  9987 | Ossuary  | Entered an ossuary
 10083 | Ossuary  | Learned a level 1 spell: Magic Dart
 10918 | D:6      | You fall through a shaft!
 11369 | D:7      | Reached skill level 1 in Fighting
 11369 | D:7      | Reached skill level 1 in Shields
 11412 | D:7      | Got a blackened dagger
 11414 | D:7      | Identified the +9 dagger of Ampoasig {freeze, rF+ rN++ MR-
                  | Int-5} (You found it on level 7 of the Dungeon)
 11553 | D:7      | Reached skill level 5 in Spellcasting
 12748 | D:8      | Reached XP level 10. HP: 60/60 MP: 12/17
 12794 | D:8      | Noticed a two-headed ogre
 12813 | D:8      | Killed a two-headed ogre
 12825 | D:8      | Noticed a two-headed ogre
 12833 | D:8      | Killed a two-headed ogre
 12951 | D:8      | Got a smoking flail
 12952 | D:8      | Identified the +4 flail of Quick Death {freeze, rElec MR+}
                  | (You found it on level 8 of the Dungeon)
 13275 | D:9      | Found a bloodstained altar of Trog.
 13276 | D:9      | Found a radiant altar of Vehumet.
 13280 | D:9      | Became a worshipper of Vehumet
 13474 | D:9      | Found a snail-covered altar of Cheibriados.
 13514 | D:9      | Found a faded altar of an unknown god.
 13514 | D:9      | Found a faded altar of an unknown god.
 13519 | D:9      | Found a sacrificial altar of Ru.
 13521 | D:9      | Found a stormy altar of Qazlal.
 13523 | D:9      | Found an ornate altar of the Wu Jian Council.
 13836 | D:9      | Noticed a two-headed ogre
 13846 | D:9      | Killed a two-headed ogre
 14182 | D:9      | Found Itikhigu's Distillery.
 14190 | D:9      | Bought 2 potions of magic for 176 gold pieces
 14190 | D:9      | Bought a potion of mutation for 88 gold pieces
 14190 | D:9      | Bought a potion of lignification for 33 gold pieces
 14334 | D:9      | Reached XP level 11. HP: 66/67 MP: 9/19
 14515 | D:9      | Found a sparkling altar of Nemelex Xobeh.
 14603 | D:9      | Learned a level 3 spell: Mephitic Cloud
 14978 | D:10     | Entered Level 10 of the Dungeon
 14979 | D:10     | Noticed a two-headed ogre
 15016 | D:10     | Killed a two-headed ogre
 15396 | D:10     | Reached * piety under Vehumet
 15396 | D:10     | Offered knowledge of Freeze by Vehumet.
 16147 | D:10     | Found a staircase to the Lair.
 16547 | D:10     | Noticed a hell knight
 16822 | Lair:1   | Entered Level 1 of the Lair of Beasts
 17127 | Lair:1   | Reached skill level 10 in Fire Magic
 17180 | Lair:1   | Offered knowledge of Searing Ray by Vehumet.
 17184 | Lair:1   | Reached ** piety under Vehumet
 17603 | Lair:2   | Found a shimmering altar of Xom.
 17742 | Lair:2   | HP: 29/70 [something (9)]
 18177 | Lair:1   | Reached skill level 10 in Conjurations
 18738 | Lair:1   | Got an iridescent hand axe
 18877 | Lair:1   | Identified the +8 hand axe "Vekloshri" {chop, *Rage Fragile
                  | rPois MP+9} (You found it on level 1 of the Lair of Beasts)
 18939 | Lair:2   | Reached XP level 12. HP: 76/76 MP: 15/22
 18943 | Lair:2   | Offered knowledge of Dazzling Spray by Vehumet.
 18957 | Lair:2   | Reached skill level 5 in Shields
 19078 | Lair:2   | Reached skill level 5 in Fighting
 19253 | Lair:2   | Noticed a four-headed hydra
 19266 | Lair:2   | HP: 30/77 [four-headed hydra (16)]
 19273 | Lair:2   | Killed a four-headed hydra
 19275 | Lair:2   | Reached skill level 1 in Evocations
 19525 | Lair:2   | Noticed Fannar
 19537 | Lair:2   | HP: 28/77 [Fannar/bolt of cold (29)]
 19539 | Lair:2   | Killed Fannar
 19981 | Lair:2   | Noticed a four-headed hydra
 19993 | Lair:2   | Killed a four-headed hydra
 20562 | Lair:3   | Reached *** piety under Vehumet
 20718 | Lair:3   | Noticed a seven-headed hydra
 20851 | Lair:3   | Noticed Snorg
 20854 | Lair:3   | Killed a seven-headed hydra
 21369 | Lair:3   | HP: 28/78 [Snorg (12)]
 21852 | Lair:3   | Offered knowledge of Ignite Poison by Vehumet.
 21882 | Lair:3   | Reached XP level 13. HP: 74/83 MP: 9/24
 23176 | Lair:3   | HP: 35/84 [Snorg (9)]
 23177 | Lair:3   | HP: 8/84 [Snorg (21)]
 23177 | Lair:3   | Mangled by Snorg

Skill      XL: |  1  2  3  4  5  6  7  8  9 10 11 12 13 |
---------------+----------------------------------------+-----
Conjurations   | 2 3 4 5 6 7 8 10 11 | 11.5
Fire Magic     | 4 5 7 8 9 10 11 | 11.2
Dodging        | 3 4 5 6 7 8 |  8.4
Spellcasting   | 3 4 5 6 7 |  7.7
Translocations | 1 3 |  3.0
Fighting       | 1 3 4 6 |  6.3
Shields        | 1 3 4 6 |  6.4
Evocations     | 3 4 |  4.0
Stealth        | |  2.6

Action                   |  1- 3 |  4- 6 |  7- 9 | 10-12 | 13-15 || total
-------------------------+-------+-------+-------+-------+-------++-------
Melee: Unarmed           |     8 |       |       |       |       ||     8
       Tentacles         |     4 |       |     6 |    10 |     1 ||    21
       Dagger            |     7 |     1 |       |       |       ||     8
       Constrict         |     5 |       |     5 |     5 |       ||    15
       Short sword       |     3 |       |       |       |       ||     3
       Whip              |       |       |    12 |       |       ||    12
       Flail             |       |       |       |     9 |       ||     9
       Scimitar          |       |       |       |    23 |     5 ||    28
 Fire: Hunting sling     |       |    15 |    84 |    86 |       ||   185
 Cast: Flame Tongue      |    42 |   121 |   264 |   372 |    35 ||   834
       Conjure Flame     |       |     1 |     5 |    37 |     1 ||    44
       Sticky Flame      |       |       |    16 |    47 |     5 ||    68
       Magic Dart        |       |       |    10 |     7 |       ||    17
       Fireball          |       |       |       |    31 |    11 ||    42
       Blink             |       |       |       |     3 |       ||     3
Evoke: Wand              |       |       |       |     4 |       ||     4
  Use: Scroll            |     5 |     6 |    11 |    13 |       ||    35
       Potion            |       |       |       |     1 |       ||     1
 Stab: Sleeping          |     1 |     1 |       |       |       ||     2
  Eat: Chunk             |     2 |     8 |    19 |    37 |     1 ||    67
       Ration            |       |       |     3 |     2 |     2 ||     7
Armor: Skin              |     4 |     1 |     3 |    10 |       ||    18
Dodge: Dodged            |    22 |    19 |    61 |   120 |    16 ||   238
Block: Shield            |       |       |       |   160 |    20 ||   180
       Reflection        |       |       |       |     4 |       ||     4
       Rpst.: Scimitar   |       |       |       |    20 |     1 ||    21

Vault maps used:
D:1:      dpeg_arrival_ratfight, minmay_misc_feat_room, minmay_close_crescents
D:2:      uniq_natasha
D:3:      lemuel_castle_with_subvaults, minmay_misc_feat_pillars,
          dk_noncrumbling_3, minmay_curled_crystal
D:4:      lemuel_doored_altar, minmay_temple_entry_trees
D:5:      first_ration, gup_sewer_entry_spiral, minmay_gold_behind_fungi,
          st_stairs_12, uniq_grinder, uniq_duvessa
D:6:      enter_ossuary_3
D:9:      kennysheep_mini, nicolae_overflow_hidden_temple,
          chequers_temple_overflow_minitemple, gammafunk_temple_overflow_statue,
          serial_shops, nicolae_shop_statue_plus
D:10:     lair_entry_dummy, kennysheep_just_a_vault
Temple:   eino_temple_water
Lair:1:   special_room, worms_lemuel
Lair:2:   basic_altar, special_room, minmay_stone_trees_medium, uniq_fannar
Lair:3:   enter_volcano_3, grunt_megastairs_3, serial_bayou_shore_a,
          wad_woods_river_01, uniq_snorg
Lair:4:   minmay_swamp_entry_worms, guppyfry_snake_entry_garden
Sewer:    sewer_the_crocodile
Ossuary:  ossuary_minmay_tomb_2a
